 Dungeon Crawl Stone Soup version 0.31.0-32-g396128a36d (webtiles) character file.

Game seed: 14189733548590417989

51 Logoto the Trooper (level 3, -5/49 HPs)
             Began as a Hill Orc Fighter on Mar 9, 2024.
             Slain by Sigmund
             ... wielding a +0 scythe
              (8 damage)
             ... on level 2 of the Dungeon.
             The game lasted 00:05:56 (1128 turns).

Logoto the Trooper (Hill Orc Fighter)               Turns: 1128, Time: 00:05:56

Health: -5/49      AC: 21    Str: 20    XL:     3   Next: 83%
Magic:  3/3        EV:  2    Int:  8    God:
Gold:   71         SH:  4    Dex: 10    Spells: 2/2 levels left

rFire   + . .        a - +0 war axe
rCold   + . .        c - +0 buckler
rNeg    . . .        h - melded +0 plate armour
rPois   +            (helmet currently unavailable)
rElec   +            (cloak currently unavailable)
rCorr   +            (gloves currently unavailable)
SInv    .            (boots currently unavailable)
Will    .....        g - amulet of the acrobat
Stlth   +            (no ring)
HPRegen 0.28/turn    (no ring)
MPRegen 0.08/turn

%: acrobat
@: mighty, tree-form, resistant, acrobatic, hasted, very quick
A: stationary, stasis, torment immunity, boosted hp
a: no special abilities


You were on level 2 of the Dungeon.
You were a tree.
You visited 1 branch of the dungeon, and saw 2 of its levels.

You collected 71 gold pieces.

Inventory:

Hand Weapons
 a - a +0 war axe (weapon)
Missiles
 e - 2 poisoned darts (quivered)
 i - a throwing net
Armour
 c - a +0 buckler (worn)
 h - a +0 plate armour (melded)
Jewellery
 g - an amulet of the acrobat (around neck)
Scrolls
 f - 3 scrolls of identify
Potions
 b - a potion of haste
 d - a potion of might
 k - a potion of resistance


   Skills:
 + Level 4.2 Fighting
 + Level 3.8 Axes
 + Level 3.6 Armour
 + Level 3.6 Shields


You had 2 spell levels left.
You didn't know any spells.
Your spell library contained the following spells:

 Spells                   Type           Power      Damage    Failure   Level
 Apportation              Tloc           0%         N/A       47%         1
 Necrotise                Necr           0%         1d4       47%         1
 Sandblast                Erth           0%         2d4       47%         1
 Sting                    Conj/Alch      0%         1d3       47%         1
 Summon Small Mammal      Summ           0%         N/A       47%         1
 Cigotuvi's Dreadful Rot  Necr/Alch/Air  0%         N/A       63%         2
 Dazzling Flash           Conj/Hex       0%         N/A       85%         3
 Mephitic Cloud           Conj/Alch/Air  0%         N/A       85%         3
 Passwall                 Erth           0%         N/A       85%         3
 Stone Arrow              Conj/Erth      0%         3d7       85%         3
 Brom's Barrelling Bould  Conj/Erth      0%         2d3       99%         4
 Ignite Poison            Fire/Alch      0%         N/A       99%         4
 Curse of Agony           Necr           0%         N/A       100%        5
 Freezing Cloud           Conj/Ice/Air   0%         6-21      100%        5
 Silence                  Hex/Air        0%         N/A       100%        5


Dungeon Overview and Level Annotations

Branches:
Dungeon (2/15)

Altars:

Shops:
D:1 ?

Annotations:
D:2 Sigmund


Message History

You slash Sigmund!
Sigmund is heavily wounded.
You slash Sigmund!
Sigmund is almost dead.
Sigmund gestures at you while chanting.
You are confused.
Sigmund gestures wildly while chanting.
Sigmund flickers and vanishes!
Deactivating autopickup; reactivate with Ctrl-A.
You are too confused!
Something hits you but does no damage.
You bump into the rock wall.
Something hits you!
You barely miss something. Something hits you.
* * * LOW HITPOINT WARNING * * *
You're too confused to move!
Something hits you.
* * * LOW HITPOINT WARNING * * *
It was a potion of haste.
You feel yourself speed up.
You feel less confused. Something hits you.
* * * LOW HITPOINT WARNING * * *
It was a potion of resistance.
You feel protected.
It was a potion of lignification.
You turn into a tree.
Your +0 plate armour melds into your body.
Your roots penetrate the ground.
Something hits you but does no damage. Something hits you but does no damage.
You cannot move.
You cannot move.
You cannot move.
You cannot move.
You cannot move.
Something hits you but does no damage. Something hits you.
* * * LOW HITPOINT WARNING * * *
Something hits you but does no damage.
As you read the scroll labelled ASMUAH JEOW, it crumbles to dust.
You hear the flapping of tiny wings.
It was a scroll of butterflies.
Something hits you!
You die...

##### #...#
###...###
#.......#######
#..b...........
######b.b.b..#######
#bb♣...bb........<..
#{######b...#.######
#. ##.#.#.# # #.
#.#.#.# # #. #.#.#.#
# #[ ###.#.#.# #
#.#####...#.#.# #
#.#.........#.# #
#.#.###.###.# #


There were no monsters in sight!

Vanquished Creatures
  Robin (D:2)
  2 dart slugs
  A ribbon worm (D:2)
  2 ball pythons (D:1)
  2 endoplasms
  5 goblins
  6 hobgoblins
  5 bats
  A frilled lizard (D:1)
  3 kobolds
  7 rats
35 creatures vanquished.

Notes
Turn   | Place    | Note
-------+----------+-------------------------------------------
     0 | D:1      | Logoto the Hill Orc Fighter began the quest for the Orb.
     0 | D:1      | Reached XP level 1. HP: 19/19 MP: 1/1
     8 | D:1      | Found Dydemud's Magic Scroll Shoppe.
    72 | D:1      | Reached XP level 2. HP: 27/27 MP: 2/2
   105 | D:1      | Reached skill level 4 in Fighting
   535 | D:2      | Reached XP level 3. HP: 33/33 MP: 3/3
   556 | D:2      | Noticed Robin
   606 | D:2      | Killed Robin
  1097 | D:2      | Noticed Sigmund
  1114 | D:2      | HP: 1/33 [something (4)]
  1123 | D:2      | HP: 2/49 [something (2)]
  1128 | D:2      | Slain by Sigmund

Illustrated notes

Levels and vault maps discovered:
D:1:      minmay_arrival_three_doors, layout_rooms, serial_shops, shop,
          hangedman_decor_slide_cut
D:2:      layout_loops_ring, chequers_serial_rivers_small_b, uniq_sigmund,
          uniq_robin

Skill      XL: |  1  2 |
---------------+-------+-----
Fighting       | 4 |  4.2
Axes           | 3 |  3.8
Armour         | |  3.6
Shields        | |  3.6

Action                     || total
---------------------------++-------
  Melee: War axe           ||    94
    Use: Scroll            ||     2
         Potion            ||     4
 Armour: Scale mail        ||    20
         Plate armour      ||    50
         Skin              ||     6
  Dodge: Dodged            ||    45
  Block: Buckler           ||    27
